 Dungeon Crawl Stone Soup version 0.30-a0-778-g2ef04afb54 (webtiles) character file.

Game seed: 12592727249689540540

52 BigDaddyOpFi the Covered (level 3, -2/24 HPs)
             Began as a Gargoyle Fighter on Feb 15, 2023.
             Slain by a worm (7 damage)
             ... on level 2 of the Dungeon.
             The game lasted 00:00:56 (924 turns).

BigDaddyOpFi the Covered (Gargoyle Fighter)          Turns: 924, Time: 00:00:56

Health: -2/24      AC: 10    Str: 21    XL:     3   Next: 85%
Magic:  3/3        EV:  9    Int:  8    God:
Gold:   58         SH:  4    Dex:  9    Spells: 2/2 levels left

rFire   . . .      SeeInvis .    a - +0 war axe
rCold   . . .      Faith    .    c - +0 buckler
rNeg    + . .      Spirit   .    b - +0 scale mail
rPois   ∞          Reflect  .    (no helmet)
rElec   +          Harm     .    (no cloak)
rCorr   .          Rampage  .    (no gloves)
Will    .....                    (no boots) Stlth
                                 (no amulet)
HPRegen 0.24/turn                (no ring)
MPRegen 0.08/turn                (no ring)

@: mighty, brilliant, slowed, very slow
A: sickness immunity, AC +3, negative energy resistance 1, electricity
resistance, torment resistance 1, petrification resistance
a: no special abilities


You were on level 2 of the Dungeon.
You visited 1 branch of the dungeon, and saw 2 of its levels.

You collected 58 gold pieces.

Inventory:

Hand Weapons
 a - a +0 war axe (weapon)
Armour
 b - a +0 scale mail (worn)
 c - a +0 buckler (worn)
Scrolls
 g - a scroll of teleportation
Potions
 f - a potion of haste {unknown}


   Skills:
 + Level 3.8 Fighting
 + Level 2.3 Axes
 + Level 3.8 Armour
 + Level 3.8 Shields


You had 2 spell levels left.
You didn't know any spells.
Your spell library contained the following spells:

 Spells                   Type           Power      Damage    Failure   Level
 Ignite Poison            Fire/Tmut/Pois 0%         N/A       99%         3
 Kindle Blastsparks       Fire/Tloc/Air  0%         2d10      99%         3
 Freezing Cloud           Conj/Ice/Air   0%         6-21      100%        5


Dungeon Overview and Level Annotations

Branches:
Dungeon (2/15)

Altars:

Shops:
D:1 ?[*(


Innate Abilities, Weirdness & Mutations

You are immune to sickness and miasma.
Your stone body is resilient. (AC +3)
You are immune to poison.
You resist negative energy. (rN+)
You are resistant to electric shocks. (rElec)
You are resistant to unholy torment.
You are immune to petrification.


Message History

You closely miss Natasha.
Natasha is heavily wounded.
You hit the giant cockroach but do no damage.
You block the giant cockroach's attack. Natasha closely misses you.
The giant cockroach bites you.
Natasha stares at you and mumbles some strange words.
You feel as though you will be slow longer.
The giant cockroach bites you but does no damage.
You hit Natasha.
Natasha is heavily wounded.
You barely miss the worm. You slash the giant cockroach!
You kill the giant cockroach!
Natasha closely misses you. The worm closely misses you.
The crimson imp blinks!
Natasha closely misses you. The frilled lizard barely misses you.
You hit Natasha.
Natasha is severely wounded.
You hit the frilled lizard.
You kill the frilled lizard!
You hit the worm. Natasha claws you but does no damage.
The worm barely misses you.
The crimson imp blinks!
Natasha claws you. The worm bites you!
* * * LOW HITPOINT WARNING * * *
You feel very mighty all of a sudden.
The crimson imp blinks!
Natasha claws you but does no damage. You block Natasha's attack.
It was a potion of brilliance.
You feel clever all of a sudden. The worm completely misses you.
Natasha claws you.
* * * LOW HITPOINT WARNING * * *
You slash Natasha!
You kill Natasha!
Natasha yowls pathetically as she dies!
The crimson imp disappears in a puff of smoke!
You hit the worm. The worm closely misses you.
The worm bites you but does no damage.
You slash the worm!
The worm is severely wounded.
The worm bites you!
You die...

##..# ##...# ..#.###
#.#..<.#####
..#.<.......
##.##....##...
##..#..#..#
...###..##.###....
.......@†..# ##...
#..###w###..........
#. #.#######.. #.
#.. #. #. ...B ..
##... ## .... .....


You could see a worm.

Vanquished Creatures
  Natasha (D:2)
  A dart slug (D:1)
  2 bats (D:1)
  3 endoplasms (D:1)
  2 giant cockroaches
  2 goblins (D:1)
  2 quokkas (D:1)
  3 ball pythons (D:1)
  4 frilled lizards
  2 kobolds (D:1)
  4 rats (D:1)
26 creatures vanquished.

Notes
Turn   | Place    | Note
-------+----------+-------------------------------------------
     0 | D:1      | BigDaddyOpFi the Gargoyle Fighter began the quest for the
                  | Orb.
     0 | D:1      | Reached XP level 1. HP: 14/14 MP: 1/1
   171 | D:1      | Reached XP level 2. HP: 19/19 MP: 2/2
   263 | D:1      | Found Impi's Magic Scroll Shoppe.
   277 | D:1      | Found Xygewipi's Antique Armour Emporium.
   335 | D:1      | Found Votep's Weapon Boutique.
   417 | D:1      | Found Qoloas's Assorted Antiques.
   704 | D:1      | Reached XP level 3. HP: 24/24 MP: 3/3
   912 | D:2      | Noticed Natasha
   923 | D:2      | Killed Natasha
   924 | D:2      | Slain by a worm

Illustrated notes

Levels and vault maps discovered:
D:1:      eino_arrival_water_star, layout_basic, serial_shops, shop, shop,
          shop_statue, shop_statue
D:2:      layout_rooms, basic_altar, minmay_between, uniq_natasha

Skill      XL: |  1  2 |
---------------+-------+-----
Axes           | 2 |  2.3
Fighting       | |  3.8
Armour         | |  3.8
Shields        | |  3.8

Action                     || total
---------------------------++-------
  Melee: War axe           ||    80
    Use: Potion            ||     2
         Scroll            ||     1
 Armour: Scale mail        ||    46
  Dodge: Dodged            ||    53
  Block: Buckler           ||    21

Table legend: (Time is in decaauts)
 A = Elapsed time spent in this place.
 B = Non-inter-level travel time spent in this place.
 C = Inter-level travel time spent in this place.
 D = Time resting spent in this place.
 E = Time spent auto-exploring this place.
 F = Levels seen in this place.
 G = Mean time per level.
                   A        B        C        D        E       F      G
               +--------+--------+--------+--------+--------+-----+--------+
         Total |    965 |    939 |     26 |      0 |    740 |   2 |  482.5 |
       Dungeon |    965 |    939 |     26 |      0 |    740 |   2 |  482.5 |
               +--------+--------+--------+--------+--------+-----+--------+

Top non-repeatable levels by time:
     D:1: 939 daAuts
     D:2: 26 daAuts
